 Dungeon Crawl Stone Soup version 0.31-a0-261-g072fdb8a1f (webtiles) character file.

Game seed: 10964133155252917383

313 qw the Shooter (level 6, 0/37 HPs)
             Began as a Gargoyle Hexslinger on July 13, 2023.
             Slain by an orc
             ... wielding a +0 club
              (2 damage)
             ... on level 4 of the Dungeon.
             The game lasted 00:01:32 (2885 turns).

qw the Shooter (Gargoyle Hexslinger)                Turns: 2885, Time: 00:01:32

Health: 0/37       AC: 10    Str: 11    XL:     6   Next: 43%
Magic:  7/7        EV: 10    Int: 14    God:
Gold:   132        SH:  0    Dex: 14    Spells: 6/7 levels left

rFire   + . .        Y - +2 sling
rCold   . . .        (no shield)
rNeg    + . .        k - +0 ring mail
rPois   inf          (no helmet)
rElec   +            (no cloak)
rCorr   .            l - +0 pair of gloves
SInv    +            (no boots)
Will    +....        (no amulet)
Stlth   +            d - ring of willpower
HPRegen 0.26/turn    (no ring)
MPRegen 0.10/turn

%: no passive effects
@: no status effects
A: sickness immunity, AC +4, negative energy resistance 1, electricity
resistance, torment resistance 1, petrification resistance, see invisible, fire
resistance 1
a: no special abilities


You were on level 4 of the Dungeon.
You visited 1 branch of the dungeon, and saw 4 of its levels.

You collected 132 gold pieces.


Innate Abilities, Weirdness & Mutations

You are immune to sickness and miasma.
Your stone body is resilient. (AC +4)
You are immune to poison.
You resist negative energy. (rN+)
You are resistant to electric shocks. (rElec)
You are resistant to unholy torment.
You are immune to petrification.
You have supernaturally acute eyesight. (SInv)
Your flesh is heat resistant. (rF+)


   Skills:
 - Level 3.0 Fighting
 + Level 5.9 Ranged Weapons
 - Level 1.0 Armour
 - Level 1.5 Dodging
 - Level 1.0 Spellcasting
 - Level 2.6 Hexes


You had 6 spell levels left.
You knew the following spells:

 Your Spells              Type           Power      Damage    Failure   Level
a - Slow                  Hex            32%        N/A       21%         1

Your spell library contained the following spells:

 Spells                   Type           Power      Damage    Failure   Level
 Inner Flame              Hex/Fire       4%         N/A       71%         3
 Portal Projectile        Hex/Tloc       8%         N/A       71%         3
 Cause Fear               Hex            4%         N/A       90%         4

Inventory:

Hand Weapons
 Y - a +2 sling (weapon)
Armour
 f - the +2 leather armour "Humo" {rF- rN+++ Str-3 Int+6}
   (You found it on level 3 of the Dungeon)

   Str:       It affects your strength (-3).
   Int:       It affects your intelligence (+6).
   rF:        It makes you vulnerable to fire.
   rN:        It renders you almost immune to negative energy.
 g - a +0 pair of boots
 k - a +0 ring mail (worn)
 l - a +0 pair of gloves (worn)
Jewellery
 d - a ring of willpower (left hand)
Scrolls
 e - a scroll of identify
Potions
 a - a potion of might
 c - a potion of degeneration {unknown}
 h - a potion of haste
 j - 2 potions of mutation

Dungeon Overview and Level Annotations

Branches:
Dungeon (4/15)
 Temple: D:4-7

Altars:
Cheibriados
Yredelemnul

Shops:
D:1 =

Annotations:
D:3 1 runed translucent door, qw's ghost, weakling MiHs


Message History

The adder bites you but does no damage.
The gnoll hits you but does no damage. x2
The gnoll bouda hits you with a +0 club.
The hobgoblin hits you but does no damage.
The adder bites you but does no damage.
You shoot a sling bullet. The sling bullet hits the gnoll bouda.
The gnoll bouda is heavily wounded.
The gnoll barely misses you. The orc barely misses you.
The gnoll hits you from afar with a +0 spear.
The gnoll bouda mumbles some strange prayers to its god.
The gnoll bouda is healed somewhat.
The orc priest looks braver for a moment.
The hobgoblin barely misses you. The orc hits you with a +0 mace.
The orc hits you but does no damage. The adder bites you but does no damage.
You shoot a sling bullet. The sling bullet hits the gnoll bouda.
The gnoll bouda is severely wounded.
The adder bites you but does no damage. The gnoll closely misses you.
The orc barely misses you. The gnoll hits you but does no damage.
The gnoll bouda hits you but does no damage.
The hobgoblin barely misses you. The orc hits you with a +0 mace.
The orc hits you with a +0 dagger. The adder bites you but does no damage.
The gnoll hits you from afar with a +0 halberd.
The orc hits you with a +0 mace. The orc hits you but does no damage.
The gnoll bouda barely misses you. The orc hits you but does no damage.
The hobgoblin closely misses you.
The gnoll hits you from afar with a +0 spear.
You shoot a sling bullet. The sling bullet hits the gnoll bouda.
The gnoll bouda is almost dead.
The quokka twitches its whiskers.
The adder bites you but does no damage.
The gnoll hits you from afar with a +0 halberd.
The gnoll barely misses you. The orc hits you but does no damage. x2
The gnoll bouda utters an invocation to its god.
The gnoll bouda is healed somewhat.
The hobgoblin closely misses you. The orc hits you with a +0 club.
You shoot a sling bullet.
The sling bullet barely misses the gnoll bouda.
The sling bullet barely misses the quokka.
The adder bites you. The gnoll completely misses you.
The orc hits you with a +0 club.
You die...

..P..._.....#.####
#.P.P............##
..................#
..P)PP..P.........#
..................#
..##....+.........#
####....##.......##
.)....##.....o.##
##....##....rg@o#
#....##.....Sog#
#...........ggo#
#............l.#
.##.....).##
#.......# #........
#........


You could see a gnoll bouda, an iguana, an orc priest, 2 gnolls, an adder, 3
orcs, a quokka and a hobgoblin.

Vanquished Creatures
  A howler monkey (D:3)
  5 orc wizards
  A gnoll (D:4)
  5 adders
  2 worms
  A dart slug (D:1)
  5 orcs
  3 ball pythons
  5 bats
  5 endoplasms
  4 giant cockroaches
  4 goblins
  13 hobgoblins
  7 jackals
  6 kobolds
  6 quokkas
  2 frilled lizards
  9 rats
84 creatures vanquished.

Notes
Turn   | Place    | Note
-------+----------+-------------------------------------------
     0 | D:1      | qw the Gargoyle Hexslinger began the quest for the Orb.
     0 | D:1      | Reached XP level 1. HP: 12/12 MP: 2/2
     0 | D:1      | 0 ||| qw: Version: 0.3-a-52-g30416fa
     0 | D:1      | 0 ||| qw: Game counter: 6966
     0 | D:1      | 0 ||| qw: Melee chars always use a shield: true
     0 | D:1      | 0 ||| qw: God list: Okawaru
     0 | D:1      | 0 ||| qw: Allow faded altars: false
     0 | D:1      | 0 ||| qw: Do Orc after clearing Dungeon:15 true
     0 | D:1      | 0 ||| qw: Do second Lair branch before Depths: true
     0 | D:1      | 0 ||| qw: Lair rune preference: random
     0 | D:1      | 0 ||| qw: Goals: Normal
     0 | D:1      | 0 ||| PLANNING D:1-11
    80 | D:1      | Found Joak's Jewellery Shop.
    99 | D:1      | HP: 3/12 [jackal (2)]
   104 | D:1      | HP: 2/12 [jackal (1)]
   112 | D:1      | HP: 1/12 [jackal (3)]
   163 | D:1      | 163 ||| SHOPLISTING +6 ring of strength (504 gold, have 0).
   163 | D:1      | 163 ||| SHOPLISTING ring of positive energy (280 gold, have
                  | 0).
   163 | D:1      | 163 ||| SHOPLISTING ring of protection from fire (350 gold,
                  | have 0).
   163 | D:1      | 163 ||| SHOPLISTING ring of willpower (350 gold, have 0).
   189 | D:1      | Reached XP level 2. HP: 16/16 MP: 3/3
   258 | D:1      | Reached skill level 3 in Ranged Weapons
   509 | D:1      | Reached XP level 3. HP: 21/21 MP: 4/4
   792 | D:1      | 792 ||| UPGRADING to +0 ring mail.
   802 | D:1      | 802 ||| DROPPING +0 robe.
   803 | D:1      | 803 ||| UPGRADING to +0 pair of gloves.
   808 | D:1      | 808 ||| DROPPING +6 ring of intelligence.
   809 | D:1      | 809 ||| READING scroll labelled TISELO SACVEKK.
   810 | D:1      | 810 ||| READING scroll labelled AKHYULL KAJE.
   811 | D:1      | 811 ||| READING scroll labelled UXUSIMMAICS.
   812 | D:1      | 812 ||| READING scroll labelled RAYLEL UBATT.
   813 | D:1      | 813 ||| READING scroll labelled QUIDIUSAYTE.
   814 | D:1      | 814 ||| DROPPING scroll of poison.
  1044 | D:2      | Reached skill level 1 in Armour
  1091 | D:2      | Found a faded altar of an unknown god.
  1292 | D:2      | Identified the +7 whip of Symmetry {flame, Str+4}
  1375 | D:2      | Reached XP level 4. HP: 26/26 MP: 5/5
  1549 | D:2      | Reached skill level 4 in Ranged Weapons
  1732 | D:2      | 1732 ||| UPGRADING to ring of willpower.
  1733 | D:2      | 1733 ||| DRINKING 2 fizzy puce potions.
  1734 | D:2      | 1734 ||| DRINKING 3 yellow potions.
  1774 | D:3      | 1774 ||| Stepping ~*~*~tactically~*~*~ (outnumbered).
  1787 | D:3      | HP: 5/26 [adder (2)]
  1788 | D:3      | 1788 ||| DRINKING 2 potions of heal wounds.
  1799 | D:3      | Reached XP level 5. HP: 17/30 MP: 6/6
  1987 | D:3      | Reached skill level 5 in Ranged Weapons
  2204 | D:3      | 2204 ||| FLEEEEING.
  2205 | D:3      | 2205 ||| FLEEEEING.
  2206 | D:3      | 2206 ||| FLEEEEING.
  2216 | D:3      | 2216 ||| FLEEEEING.
  2217 | D:3      | 2217 ||| FLEEEEING.
  2218 | D:3      | 2218 ||| FLEEEEING.
  2219 | D:3      | 2219 ||| FLEEEEING.
  2224 | D:3      | 2224 ||| FLEEEEING.
  2225 | D:3      | 2225 ||| FLEEEEING.
  2226 | D:3      | 2226 ||| FLEEEEING.
  2227 | D:3      | 2227 ||| FLEEEEING.
  2228 | D:3      | 2228 ||| FLEEEEING.
  2229 | D:3      | 2229 ||| FLEEEEING.
  2230 | D:3      | 2230 ||| FLEEEEING.
  2231 | D:3      | 2231 ||| FLEEEEING.
  2232 | D:3      | 2232 ||| FLEEEEING.
  2233 | D:3      | 2233 ||| FLEEEEING.
  2234 | D:3      | 2234 ||| FLEEEEING.
  2247 | D:3      | 2247 ||| FLEEEEING.
  2248 | D:3      | 2248 ||| FLEEEEING.
  2249 | D:3      | 2249 ||| FLEEEEING.
  2250 | D:3      | 2250 ||| STAIRDANCE
  2312 | D:2      | 2312 ||| READING scroll labelled QEOVVO ZUTENO.
  2313 | D:2      | 2313 ||| READING scroll labelled JIOBBELIEN.
  2316 | D:2      | 2316 ||| READING scroll labelled CAEPTU URHO.
  2317 | D:2      | 2317 ||| DRINKING 2 silvery potions.
  2318 | D:2      | 2318 ||| DRINKING 2 glowing sapphire potions.
  2318 | D:2      | Gained mutation: You have supernaturally acute eyesight.
                  | (SInv) [potion of mutation]
  2318 | D:2      | Gained mutation: Your flesh is heat resistant. (rF+)
                  | [potion of mutation]
  2368 | D:3      | Reached skill level 3 in Fighting
  2380 | D:3      | Reached XP level 6. HP: 37/37 MP: 7/7
  2437 | D:3      | Identified the +2 leather armour "Humo" {rF- rN+++ Str-3
                  | Int+6}
  2443 | D:3      | Found a runed translucent door.
  2444 | D:3      | Noticed qw's ghost (weakling MiHs)
  2500 | D:3      | Found a snail-covered altar of Cheibriados.
  2548 | D:3      | 2548 ||| READING 2 scrolls of identify.
  2548 | D:3      | 2548 ||| IDENTIFYING golden potion
  2549 | D:3      | 2549 ||| DROPPING potion of ambrosia.
  2582 | D:4      | 2582 ||| STAIRDANCE
  2618 | D:4      | 2618 ||| STAIRDANCE
  2819 | D:4      | Found a basalt altar of Yredelemnul.
  2878 | D:4      | HP: 2/37 [orc priest/divine providence (12)]
  2879 | D:4      | 2879 ||| DRINKING potion of heal wounds.
  2883 | D:4      | HP: 9/37 [gnoll/+0 spear[a gnoll bouda] (3)]
  2884 | D:4      | HP: 3/37 [orc/+0 club (4)]
  2885 | D:4      | Slain by an orc

Levels and vault maps discovered:
D:1:      dpeg_arrival_pond, layout_loops_ring, serial_shops, shop, st_stairs_5
D:2:      minmay_razor_zed, layout_loops_ring, dreamdust_ecumenical_altar_grove,
          kennysheep_minor_cross, minmay_tripent
D:3:      layout_basic, slow_altar_2, gammafunk_ghost_grave,
          minmay_misc_feat_plants
D:4:      layout_gridville, mainiacjoe_overflow_cross_hatched,
          overflow_temple_1_default

Skill      XL: |  1  2  3  4  5 |
---------------+----------------+-----
Ranged Weapons | 3 4 5 |  5.9
Fighting       | 2 3 |  3.0
Armour         | 1 |  1.0
Dodging        | |  1.5
Spellcasting   | |  1.0
Hexes          | |  2.6

Action                     |  1- 3 |  4- 6 || total
---------------------------+-------+-------++-------
   Fire: Sling             |   155 |   193 ||   348
    Use: Scroll            |     5 |     4 ||     9
         Potion            |       |     6 ||     6
 Armour: Robe              |    38 |       ||    38
         Ring mail         |    24 |   102 ||   126
  Dodge: Dodged            |   114 |   101 ||   215

Table legend:
 A = Non-vault XP
 B = Vault XP
 C = Vault XP percentage of total XP
 D = Non-vault monster count
 E = Vault monster count
 F = Vault count percentage of total count
                 A         B        C        D         E       F
            +---------+---------+-------+---------+---------+-------
      Total |     399 |      49 |  10.9 |      64 |      20 |  23.8
            +---------+---------+-------+---------+---------+-------
        D:1 |      48 |       4 |   7.7 |      25 |       2 |   7.4
        D:2 |      27 |      40 |  59.7 |       8 |      17 |  68.0
        D:3 |     267 |       5 |   1.8 |      24 |       1 |   4.0
        D:4 |      57 |       0 |   0.0 |       7 |       0 |   0.0
            +---------+---------+-------+---------+---------+-------
